 Dungeon Crawl Stone Soup version 0.22-a0-480-g991dd4b (webtiles) character file.

417 galech the Slasher (level 6, -3/56 HPs)
             Began as a Minotaur Fighter on June 15, 2018.
             Killed from afar by an orc wizard (7 damage)
             ... with a magic dart
             ... on level 4 of the Dungeon.
             The game lasted 00:03:31 (2592 turns).

galech the Slasher (Minotaur Fighter)               Turns: 2592, Time: 00:03:33

Health: -3/56      AC: 12    Str: 21    XL:     6   Next: 61%
Magic:  1/1        EV:  4    Int:  5    God:
Gold:   173        SH: 10    Dex: 11    Spells: 5/5 levels left

rFire    . . .     SeeInvis .   g - +3 short sword (antimagic)
rCold    . . .     Gourm    .   c - +0 shield
rNeg     . . .     Faith    .   k - +0 plate armour
rPois    .         Spirit   .   (helmet restricted)
rElec    .         Reflect  .   (no cloak)
rCorr    .         Harm     .   (no gloves)
MR       .....                  (no boots)
Stlth    ..........             (no amulet)
HPRegen  0.18/turn              (no ring)
MPRegen  0.07/turn              (no ring)

@: no status effects
A: retaliatory headbutt, horns 2
a: no special abilities


You were on level 4 of the Dungeon.
You were hungry.

You visited 1 branch of the dungeon, and saw 4 of its levels.

You collected 173 gold pieces.

Inventory:

Hand Weapons
 a - a +0 long sword
 g - a +3 antimagic short sword (weapon)
Armour
 c - a +0 shield (worn)
 k - a +0 plate armour (worn)
Jewellery
 p - an uncursed ring of fire
Scrolls
 b - 2 scrolls of teleportation {unknown}
 e - 6 scrolls of identify {unknown}
 i - 2 scrolls of immolation {unknown}
 m - 3 scrolls of remove curse {unknown}
 n - a scroll of random uselessness {unknown}
 o - a scroll of magic mapping {unknown}
Potions
 h - 2 potions of curing {unknown}
 j - a potion of brilliance {unknown}
 l - a potion of lignification {unknown}
Comestibles
 f - 7 rations


   Skills:
 + Level 5.0 Fighting
 + Level 0.6(3.2) Short Blades
 + Level 5.6 Long Blades
 + Level 5.1 Armour
 + Level 0.5 Dodging
 + Level 0.1 Stealth
 + Level 5.2 Shields


You had 5 spell levels left.
You didn't know any spells.
Your spell library was empty.

Dungeon Overview and Level Annotations

Branches:
Dungeon (4/15)
 Temple: D:4-7

Altars:
Dithmenos
Nemelex Xobeh


Innate Abilities, Weirdness & Mutations

You reflexively headbutt those who attack you in melee.
You have a pair of horns on your head.


Message History

An orc comes into view.
You closely miss the howler monkey. You headbutt the howler monkey!
The howler monkey is almost dead.
The howler monkey barely misses you.
The orc priest mumbles some strange prayers to Beogh against you.
Beogh smites you!
* * * LOW HITPOINT WARNING * * *
You puncture the howler monkey!
You kill the howler monkey!
Your Fighting skill increases to level 5!
Your Armour skill increases to level 5!
You puncture the orc!
You kill the orc!
Your plate armour prevents you from hitting the adder.
The adder bites you but does no damage. You block the adder's attack.
You puncture the adder!
You kill the adder!
A magic dart appears from out of thin air!
The magic dart hits you!
You die...

. #......#######
#......####
#.........#
#........)#
#.........#
...#...oo....#
....oo..o.o...#
#########)#####
#@########
#........#
♣♣##........#
♣♣...........#
♣♣....[.......#
♣.............#
♣.♣............#
♣ ♣♣♣##........#
#........#


You could see an orc priest and 3 orcs.

Vanquished Creatures
  Duvessa (D:4)
  Dowan (D:4)
  A howler monkey (D:4)
  An orc priest (D:4)
  An iguana (D:3)
  2 orc wizards
  3 adders
  3 worms
  2 dart slugs
  A leopard gecko (D:3)
  8 orcs
  10 bats
  4 giant cockroaches
  9 goblins
  4 hobgoblins
  6 jackals (D:1)
  A ball python (D:3)
  8 kobolds
  6 rats
72 creatures vanquished.

Notes
Turn   | Place    | Note
-------+----------+-------------------------------------------
     0 | D:1      | galech the Minotaur Fighter began the quest for the Orb.
     0 | D:1      | Reached XP level 1. HP: 19/19 MP: 0/0
   128 | D:1      | Reached XP level 2. HP: 27/27 MP: 1/1
   518 | D:1      | Reached XP level 3. HP: 33/33 MP: 2/2
   881 | D:2      | Found a shadowy altar of Dithmenos.
  1077 | D:2      | Found a sparkling altar of Nemelex Xobeh.
  1097 | D:2      | Found a faded altar of an unknown god.
  1408 | D:3      | Reached XP level 4. HP: 40/40 MP: 3/3
  1823 | D:4      | Noticed Dowan
  1824 | D:4      | Noticed Duvessa
  1835 | D:4      | Killed Duvessa
  1835 | D:4      | Reached XP level 5. HP: 33/47 MP: 0/4
  2137 | D:3      | Reached skill level 5 in Long Blades
  2349 | D:4      | Killed Dowan
  2349 | D:4      | Reached skill level 5 in Shields
  2349 | D:4      | Reached XP level 6. HP: 23/55 MP: 5/5
  2589 | D:4      | Reached skill level 5 in Fighting
  2589 | D:4      | Reached skill level 5 in Armour
  2592 | D:4      | Killed from afar by an orc wizard

Vault maps used:
D:1:      scummos_arrival_hexagon, kennysheep_minor_cross
D:2:      nemelex_altar_shiori, lemuel_coloured_pillars_altar,
          chequers_ecumenical_altar_simple_redux, kennysheep_another_room,
          grunt_decor_mini_mirrors
D:4:      nicolae_tso_swordbearing_angel, minitemple, minmay_ruptured,
          uniq_crazy_yiuf_cottage, uniq_duvessa, uniq_menkaure

Skill      XL: |  1  2  3  4  5  6 |
---------------+-------------------+-----
Fighting       | 4 5 |  5.0
Shields        | 4 5 |  5.2
Long Blades    | 3 4 5 |  5.6
Armour         | 4 5 |  5.1
Short Blades   | |  0.6
Dodging        | |  0.5
Stealth        | |  0.1

Action                   |  1- 3 |  4- 6 || total
-------------------------+-------+-------++-------
Melee: Long sword        |   100 |    61 ||   161
       Headbutt          |    12 |    18 ||    30
       Short sword       |       |    27 ||    27
  Use: Potion            |       |     1 ||     1
  Eat: Chunk             |     2 |     3 ||     5
Armor: Scale mail        |    30 |       ||    30
       Plate armour      |    31 |    56 ||    87
Dodge: Dodged            |    34 |    17 ||    51
Block: Shield            |    66 |    45 ||   111
       Rpst.: Long sword |     6 |     3 ||     9

Table legend:
 A = Spawn XP
 B = Non-spawn XP
 C = Spawn XP percentage of total XP
 D = Spawn monster count
 E = Non-spawn monster count
 F = Spawn count percentage of total count
 G = Total turns spent on level
                    A         B        C        D         E        F      G
               +---------+---------+-------+---------+---------+-------+---------
         Total |       0 |     597 |   0.0 |       0 |      72 |   0.0 |  2592
               +---------+---------+-------+---------+---------+-------+---------
           D:1 |       0 |      44 |   0.0 |       0 |      25 |   0.0 |   764
           D:2 |       0 |      42 |   0.0 |       0 |      18 |   0.0 |   609
           D:3 |       0 |     127 |   0.0 |       0 |      20 |   0.0 |   895
           D:4 |       0 |     384 |   0.0 |       0 |       9 |   0.0 |   324
               +---------+---------+-------+---------+---------+-------+---------
